 Dungeon Crawl Stone Soup version 0.21.1-1-g345015fe64 (webtiles) character file.

1346 OlSheep the Insei (level 8, 0/39 HPs)
             Began as a Vine Stalker Transmuter on July 8, 2018.
             Was a Believer of Qazlal.
             Slain by an orc warrior
             ... wielding a +0 flail
              (8 damage)
             ... on level 6 of the Dungeon.
             The game lasted 00:26:36 (5631 turns).

OlSheep the Insei (Vine Stalker Transmuter)         Turns: 5631, Time: 00:26:37

Health: 0/39       AC:  5    Str: 15    XL:     8   Next: 62%
Magic:  0/16       EV: 12    Int: 13    God:    Qazlal [**....]
Gold:   368        SH:  2    Dex: 15    Spells: 6/16 levels left

rFire    . . .     SeeInvis .     - Unarmed
rCold    . . .     Gourm    .   (no shield)
rNeg     . . .     Faith    .   j - +0 leather armour
rPois    .         Spirit   +   t - +0 helmet
rElec    .         Reflect  .   (no cloak)
rCorr    .         Harm     .   k - +0 pair of gloves
MR       +....                  (boots currently unavailable)
Stlth    +.........             (no amulet)
HPRegen  0.53/turn              (no ring)
MPRegen  0.15/turn              (no ring)

@: appendage, very slightly contaminated
A: fangs 3, talons 3, regeneration 1, magic shield, antimagic bite, no potion
heal 3, rot immunity
a: End Transformation, Upheaval, Renounce Religion


You were on level 6 of the Dungeon.
You worshipped Qazlal.
Qazlal was pleased with you.
You were not hungry.
You had grown temporary talons.
You visited 2 branches of the dungeon, and saw 7 of its levels.

You collected 368 gold pieces.

Inventory:

Missiles
 a - 4 arrows
Armour
 j - a +0 leather armour (worn)
 k - a +0 pair of gloves (worn)
 r - a +0 ring mail
 t - a +0 helmet (worn)
Wands
 g - a wand of polymorph (17)
 p - a wand of flame (20)
Scrolls
 b - 2 scrolls of blinking {unknown}
 e - 2 scrolls of enchant weapon {unknown}
 f - 3 scrolls of fear
 h - 2 scrolls of remove curse
 m - 4 scrolls of teleportation
 q - a scroll of enchant armour {unknown}
 u - a scroll of identify
 v - a scroll of fog {unknown}
 x - a scroll of summoning {unknown}
 y - a scroll of noise {unknown}
Potions
 i - a potion of haste
 l - a potion of ambrosia {unknown}
 n - 3 potions of flight
 o - a potion of invisibility {unknown}
 s - a potion of degeneration {unknown}
 w - a potion of agility {unknown}
Books
 c - a book of Changes

   Spells                             Type                      Level
   a - Beastly Appendage              Transmutation                1
   b - Sticks to Snakes               Transmutation                2
   c - Spider Form                    Transmutation/Poison         3
   d - Ice Form                       Ice/Transmutation            4
   e - Blade Hands                    Transmutation                5
Comestibles
 d - 5 rations
 z - 3 chunks of flesh


   Skills:
 + Level 2.4 Fighting
 * Level 3.5 Armour
 - Level 1.5 Dodging
 * Level 6.7 Unarmed Combat
 + Level 4.7 Spellcasting
 * Level 5.0 Transmutations


You had 6 spell levels left.
You knew the following spells:

 Your Spells              Type           Power        Failure   Level  Hunger
a - Beastly Appendage     Tmut           ###...       3%          1    None
b - Sticks to Snakes      Tmut           ###.....     4%          2    ##.....
c - Spider Form           Tmut/Pois      #.........   26%         3    ###....
d - Ice Form              Ice/Tmut       #.......     63%         4    ####...


Dungeon Overview and Level Annotations

Branches:
Dungeon (6/15)             Temple (1/1) D:4

Altars:
Ashenzari
Cheibriados
Dithmenos
Elyvilon
Fedhas
Gozag
Hepliaklqana
Makhleb
Nemelex Xobeh
Okawaru
Qazlal
Ru
Sif Muna
Trog
Uskayaw
Vehumet
Wu Jian
Xom
Yredelemnul
Zin
The Shining One

Annotations:
D:4 Menkaure


Innate Abilities, Weirdness & Mutations

You have razor-sharp teeth.
Your natural rate of healing is unusually fast.
When hurt, damage is shared between your health and your magic reserves.
Your bite disrupts and absorbs the magic of your enemies.
Potions cannot restore your health.
You are immune to rotting.
You have claws for feet.


Message History

The orc wizard casts a spell at you. The puff of flame hits you!
* * * LOW HITPOINT WARNING * * *
You kill the orc wizard!
Qazlal accepts your kill.
The orc warrior looks more healthy.
Casting: Spider Form
Confirm with . or Enter, or press ? or * to list all spells.
You miscast Beastly Appendage.
You are very lightly contaminated with residual magic.
Your hair momentarily turns into snakes!
Casting: Beastly Appendage
Confirm with . or Enter, or press ? or * to list all spells.
Your feet morph into talons.
The orc warrior hits you with a flail!
* * * LOW HITPOINT WARNING * * *
You barely miss the orc warrior.
You bite the orc warrior, but do no damage.
The orc warrior is severely wounded.
The orc warrior hits you with a flail!
You die...

###......#.....
#........######
####.#......##....
#............#....
#..)..##..........
#...######........
#..#.#..#.#.......
#oo##.##.##.......
#@##.#..#.##......
#.##.#..#.##......
#..##.##.##.......
#..#.#..#.#...####
#...######...## #
#.....##.....# #
#............#
######..####.#
#.......#####


You could see an orc warrior and an orc.

Vanquished Creatures
  Sigmund (D:3)
  An orc warrior (D:6)
  A necrophage (D:6)
  A centaur (D:6)
  A bullfrog (D:6)
  A water moccasin skeleton (D:6)
  2 howler monkeys (D:4)
  2 crimson imps
  A jelly (D:6)
  A hound (D:5)
  An orc priest (D:5)
  2 bullfrog skeletons
  Terence (D:2)
  3 orc wizards
  3 iguanas
  4 worker ants
  A hound skeleton (D:5)
  Robin (D:3)
  3 gnolls (D:6)
  3 adders
  A shadow imp (D:5)
  2 oozes
  3 dart slugs
  A worm (D:2)
  4 leopard geckos
  11 orcs
  2 giant cockroaches
  12 goblins
  7 hobgoblins
  12 jackals
  2 quokkas
  2 ball pythons
  5 bats
  5 frilled lizards
  13 kobolds
  A leopard gecko skeleton (D:4)
  A quokka skeleton (D:3)
  7 rats
125 creatures vanquished.

Vanquished Creatures (collateral kills)
  An ogre (D:5)
1 creature vanquished.

Vanquished Creatures (others)
  An orc wizard (D:6)
1 creature vanquished.

Grand Total: 127 creatures vanquished

Notes
Turn   | Place    | Note
-------+----------+-------------------------------------------
     0 | D:1      | OlSheep the Vine Stalker Transmuter began the quest for the Orb.
     0 | D:1      | Reached XP level 1. HP: 9/9 MP: 4/4
   227 | D:1      | Reached skill level 1 in Fighting
   374 | D:1      | Reached XP level 2. HP: 11/14 MP: 4/6
   750 | D:1      | Learned a level 2 spell: Sticks to Snakes
  1080 | D:1      | Reached XP level 3. HP: 18/18 MP: 5/7
  1857 | D:2      | Noticed Terence
  1876 | D:2      | Killed Terence
  1876 | D:2      | Reached skill level 1 in Armour
  1876 | D:2      | Gained mutation: Your natural rate of healing is unusually fast. [Vine Stalker growth]
  1876 | D:2      | Reached XP level 4. HP: 16/22 MP: 1/8
  2536 | D:3      | Noticed Sigmund
  2814 | D:3      | Learned a level 3 spell: Spider Form
  2891 | D:4      | Reached XP level 5. HP: 7/26 MP: 3/10
  2957 | D:4      | Found a staircase to the Ecumenical Temple.
  2986 | Temple   | Entered the Ecumenical Temple
  3092 | Temple   | Became a worshipper of Qazlal Stormbringer
  3341 | D:4      | Reached skill level 4 in Unarmed Combat
  3540 | D:4      | Reached XP level 6. HP: 30/30 MP: 9/11
  3549 | D:4      | Noticed Menkaure
  3733 | D:3      | Noticed Robin
  3773 | D:3      | Killed Sigmund
  3871 | D:3      | Killed Robin
  4105 | D:5      | Entered Level 5 of the Dungeon
  4200 | D:5      | Reached XP level 7. HP: 35/35 MP: 13/13
  4289 | D:5      | Reached * piety under Qazlal
  4624 | D:5      | Reached skill level 5 in Unarmed Combat
  4827 | D:5      | Learned a level 4 spell: Ice Form
  5084 | D:6      | Gained mutation: You have razor-sharp teeth. [Vine Stalker growth]
  5084 | D:6      | Reached XP level 8. HP: 35/39 MP: 11/15
  5140 | D:6      | Reached skill level 6 in Unarmed Combat
  5166 | D:6      | Found a basalt altar of Yredelemnul.
  5166 | D:6      | Found a bloodstained altar of Trog.
  5166 | D:6      | Found a glowing silver altar of Zin.
  5475 | D:6      | Reached ** piety under Qazlal
  5477 | D:6      | Reached skill level 5 in Transmutations
  5631 | D:6      | Slain by an orc warrior

Skill      XL: |  1  2  3  4  5  6  7  8 |
---------------+-------------------------+-----
Fighting       | 1 2 |  2.4
Armour         | 1 2 3 |  3.5
Transmutations | 3 4 5 |  5.0
Spellcasting   | 3 4 |  4.7
Unarmed Combat | 4 5 6 |  6.7
Dodging        | |  1.5

Action                   |  1- 3 |  4- 6 |  7- 9 || total
-------------------------+-------+-------+-------++-------
Melee: Unarmed           |    93 |   172 |   145 ||   410
       Bite              |    19 |    41 |    24 ||    84
       Kick              |     9 |    23 |    28 ||    60
       Headbutt          |     7 |    10 |       ||    17
       Punch             |       |     4 |     2 ||     6
 Cast: Beastly Appendage |    24 |    35 |    15 ||    74
       Sticks to Snakes  |     2 |     1 |     6 ||     9
       Spider Form       |       |     1 |     6 ||     7
  Use: Scroll            |     2 |     5 |     2 ||     9
       Potion            |       |     2 |       ||     2
 Stab: Sleeping          |     1 |       |       ||     1
  Eat: Chunk             |     3 |     9 |     3 ||    15
       Ration            |       |       |     1 ||     1
Armor: Robe              |     5 |       |       ||     5
       Leather armour    |     4 |    33 |    21 ||    58
       Skin              |       |       |     2 ||     2
Dodge: Dodged            |    47 |    94 |   104 ||   245
Block: Other             |       |       |    12 ||    12
